San Jose Sharks vs Anaheim Ducks
Created - Sunday, May 28, 2023 at 09:24
Goals
|
| San Jose Sharks |
0 |
0 |
2 |
2 |
| Anaheim Ducks |
3 |
1 |
0 |
4 |
|
Shots
|
| San Jose Sharks |
14 |
10 |
7 |
31 |
| Anaheim Ducks |
10 |
13 |
15 |
38 |
|
1st period
1. Anaheim Ducks , Nazem Kadri 33 (Esa Lindell 14) at 6:02
2. Anaheim Ducks , Mason Marchment 9 (Esa Lindell 15) at 8:24
3. Anaheim Ducks , Alex Killorn 15 (J.T. Compher 5) at 9:06
Penalties :
Oliver Bjorkstrand (SJS) for Hooking (Minor) at 11:56, Brayden Schenn (ANA) for Tripping (Minor) at 15:12, Jacob Middleton (SJS) for Boarding (Minor) at 19:04
2nd period
4. Anaheim Ducks , Chandler Stephenson 13 (Alex Killorn 21, Jakob Chychrun 12) at 1:20
Penalties :
Mason Marchment (ANA) for Fighting (Major) at 2:34, Joel Edmundson (SJS) for Fighting (Major) at 2:34, Mason Marchment (ANA) for Hooking (Minor) at 8:19, Mike Hoffman (SJS) for Hooking (Minor) at 14:12, Ivan Provorov (ANA) for Roughing (Minor) at 14:26, Anthony DeAngelo (SJS) for Hooking (Minor) at 19:46
3rd period
5. San Jose Sharks , Ryan Strome 11 (David Savard 17, Derek Forbort 25) at 4:51 (PP)
6. San Jose Sharks , Ryan Hartman 26 (Oliver Bjorkstrand 34) at 15:20
Penalties :
Jakob Chychrun (ANA) for Tripping (Minor) at 4:37, Ryan Strome (SJS) for Hooking (Minor) at 8:26, Jakob Silfverberg (SJS) for Tripping (Minor) at 18:52
Goalie Stats
Marc-Andre Fleury (SJS), 34 saves from 38 shots - (0.895), L, 17-18-1, 60:00 minutes
Linus Ullmark (ANA), 29 saves from 31 shots - (0.935), W, 21-13-6, 60:00 minutes
Players Stats for San Jose Sharks
Player Name G A P +/- PIM S H SB GA TA FO MP PP MP PK MP
------------------------------------------------------------------------------------
Anthony DeAngelo 0 0 0 -2 2 1 1 1 1 0 0/0 21:30 2:00 3:07
David Savard 0 1 1 -2 0 5 1 1 0 0 0/0 23:26 2:26 5:01
Derek Forbort 0 1 1 -2 0 1 0 1 0 1 0/0 23:07 2:26 5:01
Henri Jokiharju 0 0 0 1 0 1 0 2 0 1 0/0 16:05 0:00 0:00
Jacob Middleton 0 0 0 0 2 0 3 0 0 1 0/0 16:27 0:00 1:09
Jakob Silfverberg 0 0 0 -1 2 0 0 0 0 0 0/0 14:15 2:44 0:00
Jesper Fast 0 0 0 0 0 2 1 0 0 1 3/3 11:59 0:00 1:22
Joel Edmundson 0 0 0 -2 5 2 2 0 0 1 0/0 20:24 2:00 4:16
Michael Bunting 0 0 0 0 0 3 1 0 0 0 0/0 11:16 0:24 0:00
Mike Hoffman 0 0 0 -1 2 0 0 0 0 0 3/12 8:20 0:45 0:00
Nick Paul 0 0 0 -1 0 0 1 1 0 0 0/0 15:28 2:44 1:25
Oliver Bjorkstrand 0 1 1 -1 2 2 1 0 1 1 0/1 18:29 0:57 3:02
Rem Pitlick 0 0 0 0 0 0 1 0 0 0 2/5 10:57 0:20 0:00
Ryan Hartman 1 0 1 0 0 5 2 0 0 0 6/17 21:28 0:58 4:48
Ryan Strome 1 0 1 -2 2 4 2 0 0 1 11/27 18:02 2:44 2:57
Sonny Milano 0 0 0 -1 0 4 0 0 0 0 0/0 8:34 0:44 0:12
Tanner Pearson 0 0 0 -1 0 0 0 0 0 0 2/2 7:36 0:00 0:00
William Karlsson 0 0 0 0 0 1 2 0 0 0 0/1 21:28 0:58 4:48
Players Stats for Anaheim Ducks
Player Name G A P +/- PIM S H SB GA TA FO MP PP MP PK MP
------------------------------------------------------------------------------------
Alex Killorn 1 1 2 2 0 4 1 0 1 0 1/1 12:16 0:00 2:41
Brayden Schenn 0 0 0 -1 2 3 2 2 0 0 0/1 16:57 3:19 0:24
Brenden Dillon 0 0 0 1 0 0 1 1 0 0 0/0 14:00 0:00 0:06
Calle Jarnkrok 0 0 0 1 0 2 0 0 0 0 0/0 8:59 0:00 0:00
Chandler Stephenson 1 0 1 2 0 4 0 0 0 0 10/14 12:16 0:00 2:41
Esa Lindell 0 2 2 3 0 0 0 0 1 0 0/0 20:42 2:59 2:54
Ivan Provorov 0 0 0 0 2 0 1 3 0 0 0/0 27:56 6:17 2:45
J.T. Compher 0 1 1 2 0 0 0 0 0 0 0/0 11:51 0:00 1:39
Jakob Chychrun 0 1 1 2 2 2 1 1 0 0 0/0 19:15 2:59 1:41
John Tavares 0 0 0 -1 0 4 2 0 1 1 12/12 16:54 3:19 0:13
Josh Manson 0 0 0 1 0 1 1 0 0 0 0/0 14:06 0:00 1:23
Josh Morrissey 0 0 0 -1 0 1 1 2 1 0 0/0 24:12 6:18 0:03
Mark Scheifele 0 0 0 1 0 0 2 2 0 0 1/1 19:56 5:58 0:02
Mason Marchment 1 0 1 1 7 3 0 0 0 0 0/0 8:35 0:00 0:00
Nazem Kadri 1 0 1 1 0 6 2 0 2 0 11/23 20:02 5:58 0:00
Radek Faksa 0 0 0 1 0 0 1 1 0 0 2/9 10:11 0:00 1:12
Teuvo Teravainen 0 0 0 -1 0 1 0 0 1 1 1/2 15:34 3:19 0:00
William Nylander 0 0 0 1 0 7 0 1 0 0 3/5 20:02 5:58 0:00
3 Stars
1 - Alex Killorn (ANA)
2 - Esa Lindell (ANA)
3 - Chandler Stephenson (ANA)
Power Play
San Jose Sharks - 1 on 4 Attempt(s) - 25.00%
Anaheim Ducks - 0 on 6 Attempt(s) - 0.00%
Penalty Kill
San Jose Sharks - 6 on 6 Attempt(s) - 100.00%
- Score 0 goal in Penalty Kill
Anaheim Ducks - 3 on 4 Attempt(s) - 75.00%
- Score 0 goal in Penalty Kill
Team Stat
San Jose Sharks - Hits : 18 - Faceoff Wins : 27 - Blocked Shots : 6 - Penalty Minutes : 17
Anaheim Ducks - Hits : 15 - Faceoff Wins : 41 - Blocked Shots : 13 - Penalty Minutes : 13
Official
Referees : Dave Lewis and Chris Lee
Linesman : Mark Shewchyk and Matt MacPherson
Game Notes
Mason Marchment and Joel Edmundson fight to a draw at 2:34 of 2nd period
Finance
Level 1 -- Attendance: 4982 (83.03%) -- Ticket Income $498,200
Level 2 -- Attendance: 3682 (73.64%) -- Ticket Income $220,920
Level 3 -- Attendance: 1830 (61.00%) -- Ticket Income $84,180
Level 4 -- Attendance: 3944 (78.88%) -- Ticket Income $98,600
Luxury Box -- Attendance: 735 (73.50%) -- Ticket Income $147,000
Game was played at the Honda Center.
Total Attendance: 15173 (75.87%)
Total Ticket Income: $1,048,900
Other Income: $367,115
Total Income: $1,416,015
San Jose Sharks
5 vs 5 Forward
Center Left Wing Right Wing Time % Phy DF OF
1 Ryan Hartman William Karlsson Oliver Bjorkstrand 30 1 2 2
2 Ryan Strome Nick Paul Jakob Silfverberg 30 1 2 2
3 Rem Pitlick Michael Bunting Jesper Fast 25 1 2 2
4 Mike Hoffman Tanner Pearson Sonny Milano 15 1 2 2
5 vs 5 Defense
Defense Defense Time % Phy DF OF
1 David Savard Derek Forbort 35 1 2 2
2 Anthony DeAngelo Joel Edmundson 35 1 2 2
3 Henri Jokiharju Jacob Middleton 30 1 2 2
4 David Savard Derek Forbort 0 1 2 2
PowerPlay Forward
Center Left Wing Right Wing Time % Phy DF OF
1 Ryan Hartman William Karlsson Oliver Bjorkstrand 50 1 2 2
2 Ryan Strome Nick Paul Jakob Silfverberg 50 1 2 2
PowerPlay Defense
Defense Defense Time % Phy DF OF
1 David Savard Derek Forbort 50 1 2 2
2 Anthony DeAngelo Joel Edmundson 50 1 2 2
Penalty Kill 4 Players Forward
Center Wing Time % Phy DF OF
1 Ryan Hartman William Karlsson 50 1 2 2
2 Ryan Strome Oliver Bjorkstrand 50 1 2 2
Penalty Kill 4 Players Defense
Defense Defense Time % Phy DF OF
1 David Savard Derek Forbort 50 1 2 2
2 Anthony DeAngelo Joel Edmundson 50 1 2 2
Penalty Kill - 3 Players Forward
Forward Time % Phy DF OF
1 Ryan Hartman 50 1 2 2
2 William Karlsson 50 1 2 2
Penalty Kill - 3 Players Defense
Defense Defense Time % Phy DF OF
1 David Savard Derek Forbort 50 1 2 2
2 Anthony DeAngelo Joel Edmundson 50 1 2 2
4 vs 4 Forward
Center Wing Time % Phy DF OF
1 Ryan Hartman William Karlsson 50 1 2 2
2 Ryan Strome Oliver Bjorkstrand 50 1 2 2
4 vs 4 Defense
Defense Defense Time % Phy DF OF
1 David Savard Derek Forbort 50 1 2 2
2 Anthony DeAngelo Joel Edmundson 50 1 2 2
Last Minutes Offensive
Center Left Wing Right Wing Defense Defense
Ryan Hartman William Karlsson Oliver Bjorkstrand David Savard Derek Forbort
Last Minutes Defensive
Center Left Wing Right Wing Defense Defense
Ryan Hartman William Karlsson Oliver Bjorkstrand David Savard Derek Forbort
Goaltenders
Starting : Marc-Andre Fleury
Backup : Malcolm Subban
Extra Forwards
Normal : Sonny Milano, Michael Bunting, Jesper Fast - PP : Sonny Milano, Michael Bunting - PK : Jesper Fast
Extra Defensemen
Normal : Henri Jokiharju, Jacob Middleton, Anthony DeAngelo - PP : Henri Jokiharju - PK : Jacob Middleton, Anthony DeAngelo
Penalty Shots
Ryan Hartman, William Karlsson, Ryan Strome, Oliver Bjorkstrand, Jakob Silfverberg
Anaheim Ducks
5 vs 5 Forward
Center Left Wing Right Wing Time % Phy DF OF
1 Nazem Kadri Mark Scheifele William Nylander 40 1 2 2
2 John Tavares Brayden Schenn Teuvo Teravainen 30 1 2 2
3 Chandler Stephenson J.T. Compher Alex Killorn 20 1 2 2
4 Radek Faksa Calle Jarnkrok Mason Marchment 10 1 2 2
5 vs 5 Defense
Defense Defense Time % Phy DF OF
1 Ivan Provorov Josh Morrissey 40 1 2 2
2 Jakob Chychrun Esa Lindell 30 1 2 2
3 Brenden Dillon Josh Manson 20 1 2 2
4 Ivan Provorov Esa Lindell 10 1 2 2
PowerPlay Forward
Center Left Wing Right Wing Time % Phy DF OF
1 Nazem Kadri Mark Scheifele William Nylander 55 1 2 2
2 John Tavares Brayden Schenn Teuvo Teravainen 45 1 2 2
PowerPlay Defense
Defense Defense Time % Phy DF OF
1 Ivan Provorov Josh Morrissey 60 1 2 2
2 Esa Lindell Jakob Chychrun 40 1 2 2
Penalty Kill 4 Players Forward
Center Wing Time % Phy DF OF
1 Chandler Stephenson Alex Killorn 60 1 2 2
2 Radek Faksa J.T. Compher 40 1 2 2
Penalty Kill 4 Players Defense
Defense Defense Time % Phy DF OF
1 Ivan Provorov Esa Lindell 60 1 2 2
2 Josh Manson Jakob Chychrun 40 1 2 2
Penalty Kill - 3 Players Forward
Forward Time % Phy DF OF
1 Alex Killorn 60 1 2 2
2 Chandler Stephenson 40 1 2 2
Penalty Kill - 3 Players Defense
Defense Defense Time % Phy DF OF
1 Ivan Provorov Esa Lindell 60 1 2 2
2 Josh Manson Jakob Chychrun 40 1 2 2
4 vs 4 Forward
Center Wing Time % Phy DF OF
1 Nazem Kadri William Nylander 60 1 2 2
2 John Tavares Mark Scheifele 40 1 2 2
4 vs 4 Defense
Defense Defense Time % Phy DF OF
1 Esa Lindell Ivan Provorov 60 1 2 2
2 Brenden Dillon Jakob Chychrun 40 1 2 2
Last Minutes Offensive
Center Left Wing Right Wing Defense Defense
Nazem Kadri John Tavares William Nylander Jakob Chychrun Josh Morrissey
Last Minutes Defensive
Center Left Wing Right Wing Defense Defense
Chandler Stephenson Alex Killorn Radek Faksa Ivan Provorov Esa Lindell
Goaltenders
Starting : Linus Ullmark
Backup : Jack Campbell
Extra Forwards
Normal : Nazem Kadri, William Nylander, Mark Scheifele - PP : William Nylander, Nazem Kadri - PK : Alex Killorn
Extra Defensemen
Normal : Ivan Provorov, Esa Lindell, Jakob Chychrun - PP : Josh Morrissey - PK : Ivan Provorov, Esa Lindell
Penalty Shots
Jakob Chychrun, Brenden Dillon, Calle Jarnkrok, Mark Scheifele, John Tavares
% Time on Ice - San Jose Sharks
Lines # - Real PCT - Wanted PCT - Time Play
Normal Forward
1 - 33% - 30% - 14:43
2 - 26% - 30% - 11:36
3 - 24% - 25% - 10:37
4 - 17% - 15% - 7:36
Normal Defense
1 - 33% - 35% - 14:44
2 - 35% - 35% - 15:39
3 - 31% - 30% - 13:43
4 - 1% - 0% - 0:26
PP Forward
1 - 29% - 50% - 1:18
2 - 71% - 50% - 3:08
PP Defense
1 - 55% - 50% - 2:26
2 - 45% - 50% - 2:00
PK Forward
1 - 52% - 50% - 4:48
2 - 48% - 50% - 4:29
PK Defense
1 - 54% - 50% - 5:01
2 - 46% - 50% - 4:16
PK3 Forward
1 - 0% - 50%
2 - 0% - 50%
PK3 Defense
1 - 0% - 50%
2 - 0% - 50%
44 Forward
1 - 56% - 50% - 0:59
2 - 44% - 50% - 0:46
44 Defense
1 - 57% - 50% - 1:00
2 - 43% - 50% - 0:45
Last Minute Offensive - 0:00
Last Minute Defensive - 0:00
Total
Forward - 60:00
Defense - 60:00
|
% Time on Ice - Anaheim Ducks
Lines # - Real PCT - Wanted PCT - Time Play
Normal Forward
1 - 32% - 40% - 14:11
2 - 28% - 30% - 12:15
3 - 20% - 20% - 9:07
4 - 20% - 10% - 8:59
Normal Defense
1 - 41% - 40% - 18:14
2 - 29% - 30% - 12:56
3 - 28% - 20% - 12:19
4 - 2% - 10% - 1:03
PP Forward
1 - 64% - 55% - 5:58
2 - 36% - 45% - 3:19
PP Defense
1 - 68% - 60% - 6:18
2 - 32% - 40% - 2:59
PK Forward
1 - 73% - 60% - 3:14
2 - 27% - 40% - 1:12
PK Defense
1 - 68% - 60% - 3:01
2 - 32% - 40% - 1:25
PK3 Forward
1 - 0% - 60%
2 - 0% - 40%
PK3 Defense
1 - 0% - 60%
2 - 0% - 40%
44 Forward
1 - 77% - 60% - 1:21
2 - 23% - 40% - 0:24
44 Defense
1 - 70% - 60% - 1:14
2 - 30% - 40% - 0:31
Last Minute Offensive - 0:00
Last Minute Defensive - 0:00
Total
Forward - 60:00
Defense - 60:00
|
Play-by-Play
1st period
0:01 of 1st period - Nazem Kadri wins face-off versus Ryan Hartman in neutral zone.
0:06 of 1st period - Snap shot by Mark Scheifele.
0:06 of 1st period - Shot Misses the Net.
0:23 of 1st period - Ivan Provorov is hit by Oliver Bjorkstrand and loses puck.
0:36 of 1st period - Snap shot by Oliver Bjorkstrand.
0:36 of 1st period - Shot Misses the Net.
0:38 of 1st period - Backhand shot by Oliver Bjorkstrand.
0:38 of 1st period - Shot Misses the Net.
0:42 of 1st period - Snap shot by Ryan Hartman.
0:42 of 1st period - Shot Blocked by Mark Scheifele.
0:44 of 1st period - Snap shot by Derek Forbort.
0:44 of 1st period - Deflect By Josh Morrissey.
0:44 of 1st period - Stopped by Linus Ullmark with a rebound.
0:46 of 1st period - Slapshot by David Savard.
0:46 of 1st period - Stopped by Linus Ullmark with a rebound.
0:48 of 1st period - Slapshot by Ryan Hartman.
0:48 of 1st period - Shot Blocked by Mark Scheifele.
0:50 of 1st period - Wrist shot by Ryan Hartman.
0:50 of 1st period - Shot Misses the Net.
0:56 of 1st period - Snap shot by Ryan Hartman.
0:56 of 1st period - Shot Blocked by Ivan Provorov.
0:58 of 1st period - Slapshot by Derek Forbort.
0:58 of 1st period - Shot Blocked by William Nylander.
1:00 of 1st period - Snap shot by David Savard.
1:00 of 1st period - Stopped by Linus Ullmark with a rebound.
1:02 of 1st period - Snap shot by Ryan Hartman.
1:02 of 1st period - Shot Blocked by Ivan Provorov.
1:04 of 1st period - Wrist shot by Oliver Bjorkstrand.
1:04 of 1st period - Stopped by Linus Ullmark without a rebound.
1:05 of 1st period - John Tavares wins face-off versus Ryan Strome in Anaheim Ducks zone.
1:15 of 1st period - Jakob Chychrun is hit by Joel Edmundson and loses puck.
1:30 of 1st period - Anthony DeAngelo is hit by Jakob Chychrun and loses puck.
1:35 of 1st period - Wrist shot by Chandler Stephenson.
1:35 of 1st period - Deflect By Anthony DeAngelo.
1:35 of 1st period - Shot Misses the Net.
1:35 of 1st period - Puck is out of play.
1:36 of 1st period - Mike Hoffman wins face-off versus Radek Faksa in San Jose Sharks zone.
1:43 of 1st period - Snap shot by Sonny Milano.
1:43 of 1st period - Stopped by Linus Ullmark with a rebound.
2:01 of 1st period - Josh Manson is hit by Jesper Fast and loses puck.
2:26 of 1st period - Wrist shot by Ryan Strome.
2:26 of 1st period - Stopped by Linus Ullmark without a rebound.
2:27 of 1st period - Chandler Stephenson wins face-off versus Ryan Strome in Anaheim Ducks zone.
3:17 of 1st period - Snap shot by Ryan Hartman.
3:17 of 1st period - Shot Misses the Net.
3:36 of 1st period - Off-side.
3:37 of 1st period - Radek Faksa wins face-off versus Mike Hoffman in neutral zone.
3:49 of 1st period - Backhand shot by Sonny Milano.
3:49 of 1st period - Stopped by Linus Ullmark without a rebound.
3:50 of 1st period - Ryan Strome wins face-off versus Teuvo Teravainen in Anaheim Ducks zone.
3:53 of 1st period - Wrist shot by Nick Paul.
3:53 of 1st period - Deflect By Ryan Strome.
3:53 of 1st period - Shot Misses the Net.
3:53 of 1st period - Puck is out of play.
3:54 of 1st period - John Tavares wins face-off versus Ryan Strome in Anaheim Ducks zone.
3:59 of 1st period - Nick Paul is hit by Brayden Schenn and loses puck.
4:22 of 1st period - Wrist shot by William Nylander.
4:22 of 1st period - Stopped by Marc-Andre Fleury without a rebound.
4:23 of 1st period - Nazem Kadri wins face-off versus Rem Pitlick in San Jose Sharks zone.
4:24 of 1st period - Wrist shot by William Nylander.
4:24 of 1st period - Stopped by Marc-Andre Fleury with a rebound.
4:38 of 1st period - Snap shot by Michael Bunting.
4:38 of 1st period - Stopped by Linus Ullmark without a rebound.
4:39 of 1st period - Chandler Stephenson wins face-off versus Ryan Strome in Anaheim Ducks zone.
4:43 of 1st period - Off-side.
4:44 of 1st period - Chandler Stephenson wins face-off versus Ryan Strome in neutral zone.
4:46 of 1st period - Off-side.
4:47 of 1st period - Ryan Strome wins face-off versus Chandler Stephenson in neutral zone.
5:02 of 1st period - Wrist shot by Ryan Strome.
5:02 of 1st period - Deflect By Nick Paul.
5:02 of 1st period - Shot Misses the Net.
5:02 of 1st period - Puck is out of play.
5:03 of 1st period - Nazem Kadri wins face-off versus Ryan Hartman in Anaheim Ducks zone.
5:39 of 1st period - Teuvo Teravainen is hit by Michael Bunting and loses puck.
5:43 of 1st period - Icing by John Tavares.
5:44 of 1st period - John Tavares wins face-off versus Mike Hoffman in Anaheim Ducks zone.
5:50 of 1st period - Off-side.
5:51 of 1st period - Tanner Pearson wins face-off versus Nazem Kadri in neutral zone.
6:02 of 1st period - Wrist shot by Nazem Kadri.
6:02 of 1st period - Goal by Nazem Kadri - San Jose Sharks : 0 - Anaheim Ducks : 1.
6:03 of 1st period - Chandler Stephenson wins face-off versus Ryan Strome in neutral zone.
6:06 of 1st period - Wrist shot by Alex Killorn.
6:06 of 1st period - Stopped by Marc-Andre Fleury without a rebound.
6:07 of 1st period - Chandler Stephenson wins face-off versus Ryan Strome in San Jose Sharks zone.
6:08 of 1st period - Backhand shot by Alex Killorn.
6:08 of 1st period - Shot Blocked by Henri Jokiharju.
6:20 of 1st period - Snap shot by Ryan Strome.
6:20 of 1st period - Stopped by Linus Ullmark with a rebound.
6:52 of 1st period - Brayden Schenn is hit by Jacob Middleton and loses puck.
6:57 of 1st period - Wrist shot by Oliver Bjorkstrand.
6:57 of 1st period - Shot Misses the Net.
6:59 of 1st period - Wrist shot by Ryan Hartman.
6:59 of 1st period - Stopped by Linus Ullmark with a rebound.
7:01 of 1st period - Slapshot by Jacob Middleton.
7:01 of 1st period - Shot Blocked by Brayden Schenn.
7:03 of 1st period - Slapshot by Henri Jokiharju.
7:03 of 1st period - Shot Blocked by Josh Morrissey.
7:05 of 1st period - Slapshot by Jacob Middleton.
7:05 of 1st period - Shot Misses the Net.
7:07 of 1st period - Slapshot by Henri Jokiharju.
7:07 of 1st period - Stopped by Linus Ullmark without a rebound.
7:08 of 1st period - Rem Pitlick wins face-off versus Nazem Kadri in Anaheim Ducks zone.
7:13 of 1st period - Wrist shot by Jesper Fast.
7:13 of 1st period - Shot Blocked by Brenden Dillon.
7:19 of 1st period - David Savard is hit by Mark Scheifele and loses puck.
7:35 of 1st period - Icing by Brenden Dillon.
7:36 of 1st period - Ryan Strome wins face-off versus Radek Faksa in Anaheim Ducks zone.
7:55 of 1st period - Esa Lindell is hit by Nick Paul and loses puck.
8:24 of 1st period - Backhand shot by Mason Marchment.
8:24 of 1st period - Goal by Mason Marchment - San Jose Sharks : 0 - Anaheim Ducks : 2.
8:25 of 1st period - John Tavares wins face-off versus Mike Hoffman in neutral zone.
8:35 of 1st period - Snap shot by Sonny Milano.
8:35 of 1st period - Stopped by Linus Ullmark without a rebound.
8:36 of 1st period - Nazem Kadri wins face-off versus Rem Pitlick in Anaheim Ducks zone.
8:41 of 1st period - Slapshot by William Nylander.
8:41 of 1st period - Shot Misses the Net.
9:01 of 1st period - Ryan Hartman is hit by Alex Killorn and loses puck.
9:06 of 1st period - Snap shot by Alex Killorn.
9:06 of 1st period - Goal by Alex Killorn - San Jose Sharks : 0 - Anaheim Ducks : 3.
9:07 of 1st period - Teuvo Teravainen wins face-off versus Mike Hoffman in neutral zone.
9:12 of 1st period - Slapshot by John Tavares.
9:12 of 1st period - Stopped by Marc-Andre Fleury with a rebound.
9:33 of 1st period - Ivan Provorov is hit by Jacob Middleton and loses puck.
9:44 of 1st period - Wrist shot by Oliver Bjorkstrand.
9:44 of 1st period - Shot Misses the Net.
9:46 of 1st period - Slapshot by Anthony DeAngelo.
9:46 of 1st period - Shot Misses the Net.
10:00 of 1st period - Slapshot by Michael Bunting.
10:00 of 1st period - Shot Misses the Net.
10:06 of 1st period - Snap shot by Jesper Fast.
10:06 of 1st period - Stopped by Linus Ullmark without a rebound.
10:07 of 1st period - Ryan Strome wins face-off versus Brayden Schenn in Anaheim Ducks zone.
11:56 of 1st period - Minor Penalty to Oliver Bjorkstrand for Hooking.
11:57 of 1st period - Ryan Hartman wins face-off versus Nazem Kadri in San Jose Sharks zone.
12:06 of 1st period - Snap shot by Nazem Kadri.
12:06 of 1st period - Shot Misses the Net.
13:56 of 1st period - Penalty to Oliver Bjorkstrand is over, Oliver Bjorkstrand is back on ice.
15:12 of 1st period - Minor Penalty to Brayden Schenn for Tripping.
15:13 of 1st period - Chandler Stephenson wins face-off versus Oliver Bjorkstrand in Anaheim Ducks zone.
16:05 of 1st period - Icing by Ryan Hartman.
16:06 of 1st period - Ryan Hartman wins face-off versus Radek Faksa in San Jose Sharks zone.
16:11 of 1st period - Slapshot by Ryan Hartman.
16:11 of 1st period - Shot Misses the Net.
16:51 of 1st period - Wrist shot by Ryan Strome.
16:51 of 1st period - Stopped by Linus Ullmark with a rebound.
17:12 of 1st period - Penalty to Brayden Schenn is over, Brayden Schenn is back on ice.
17:21 of 1st period - Wrist shot by Brayden Schenn.
17:21 of 1st period - Shot Misses the Net.
17:23 of 1st period - Wrist shot by Brayden Schenn.
17:23 of 1st period - Stopped by Marc-Andre Fleury with a rebound.
17:25 of 1st period - Snap shot by John Tavares.
17:25 of 1st period - Shot Misses the Net.
17:27 of 1st period - Backhand shot by John Tavares.
17:27 of 1st period - Stopped by Marc-Andre Fleury with a rebound.
17:29 of 1st period - Wrist shot by Brayden Schenn.
17:29 of 1st period - Stopped by Marc-Andre Fleury with a rebound.
17:35 of 1st period - Wrist shot by Brayden Schenn.
17:35 of 1st period - Deflect By John Tavares.
17:35 of 1st period - Shot Blocked by Nick Paul.
17:35 of 1st period - Puck is out of play.
17:36 of 1st period - Ryan Hartman wins face-off versus Nazem Kadri in San Jose Sharks zone.
17:36 of 1st period - Ryan Hartman is hit by Nazem Kadri.
18:28 of 1st period - Tanner Pearson is hit by Brayden Schenn and loses puck.
18:47 of 1st period - Slapshot by Nazem Kadri.
18:47 of 1st period - Shot Misses the Net.
19:04 of 1st period - Minor Penalty to Jacob Middleton for Boarding.
19:05 of 1st period - Ryan Hartman wins face-off versus Nazem Kadri in San Jose Sharks zone.
19:10 of 1st period - Wrist shot by William Karlsson.
19:10 of 1st period - Shot Misses the Net.
19:20 of 1st period - Josh Morrissey is hit by Ryan Hartman.
Goals for this period are 0 for San Jose Sharks vs 3 for Anaheim Ducks.
Shots for this period are 14 for San Jose Sharks vs 10 for Anaheim Ducks.
2nd period
0:01 of 2nd period - Ryan Strome wins face-off versus William Nylander in neutral zone.
0:14 of 2nd period - Wrist shot by Nazem Kadri.
0:14 of 2nd period - Stopped by Marc-Andre Fleury without a rebound.
0:15 of 2nd period - Mark Scheifele wins face-off versus William Karlsson in San Jose Sharks zone.
1:04 of 2nd period - Penalty to Jacob Middleton is over, Jacob Middleton is back on ice.
1:20 of 2nd period - Backhand shot by Chandler Stephenson.
1:20 of 2nd period - Goal by Chandler Stephenson - San Jose Sharks : 0 - Anaheim Ducks : 4.
1:21 of 2nd period - Rem Pitlick wins face-off versus Nazem Kadri in neutral zone.
2:20 of 2nd period - Snap shot by Chandler Stephenson.
2:20 of 2nd period - Shot Hit the Post.
2:31 of 2nd period - Off-side.
2:32 of 2nd period - Tanner Pearson wins face-off versus Radek Faksa in neutral zone.
2:34 of 2nd period - Mason Marchment and Joel Edmundson fight to a draw.
2:34 of 2nd period - Penalty to Mason Marchment for Fighting.
2:34 of 2nd period - Penalty to Joel Edmundson for Fighting.
2:35 of 2nd period - Ryan Strome wins face-off versus William Nylander in Anaheim Ducks zone.
3:05 of 2nd period - Wrist shot by William Nylander.
3:05 of 2nd period - Shot Blocked by Derek Forbort.
3:07 of 2nd period - Slapshot by William Nylander.
3:07 of 2nd period - Stopped by Marc-Andre Fleury without a rebound.
3:08 of 2nd period - John Tavares wins face-off versus Ryan Hartman in San Jose Sharks zone.
4:14 of 2nd period - Icing by Mark Scheifele.
4:15 of 2nd period - Mike Hoffman wins face-off versus Radek Faksa in Anaheim Ducks zone.
4:50 of 2nd period - Snap shot by J.T. Compher.
4:50 of 2nd period - Deflect By Calle Jarnkrok.
4:50 of 2nd period - Stopped by Marc-Andre Fleury with a rebound.
4:52 of 2nd period - Slapshot by Josh Morrissey.
4:52 of 2nd period - Deflect By Calle Jarnkrok.
4:52 of 2nd period - Shot Hit the Post.
4:52 of 2nd period - Puck is out of play.
4:53 of 2nd period - Nazem Kadri wins face-off versus Ryan Hartman in San Jose Sharks zone.
6:25 of 2nd period - Slapshot by Ryan Hartman.
6:25 of 2nd period - Stopped by Linus Ullmark with a rebound.
6:27 of 2nd period - Snap shot by David Savard.
6:27 of 2nd period - Stopped by Linus Ullmark with a rebound.
6:29 of 2nd period - Wrist shot by William Karlsson.
6:29 of 2nd period - Stopped by Linus Ullmark with a rebound.
6:31 of 2nd period - Slapshot by David Savard.
6:31 of 2nd period - Stopped by Linus Ullmark with a rebound.
6:33 of 2nd period - Backhand shot by Ryan Hartman.
6:33 of 2nd period - Deflect By Teuvo Teravainen.
6:33 of 2nd period - Stopped by Linus Ullmark with a rebound.
7:21 of 2nd period - Slapshot by Oliver Bjorkstrand.
7:21 of 2nd period - Stopped by Linus Ullmark without a rebound.
7:22 of 2nd period - Ryan Strome wins face-off versus Nazem Kadri in Anaheim Ducks zone.
8:10 of 2nd period - Slapshot by Michael Bunting.
8:10 of 2nd period - Stopped by Linus Ullmark without a rebound.
8:11 of 2nd period - Mike Hoffman wins face-off versus Radek Faksa in Anaheim Ducks zone.
8:19 of 2nd period - Minor Penalty to Mason Marchment for Hooking.
8:20 of 2nd period - Alex Killorn wins face-off versus Ryan Strome in Anaheim Ducks zone.
10:19 of 2nd period - Penalty to Mason Marchment is over, Mason Marchment is back on ice.
10:24 of 2nd period - John Tavares is hit by Rem Pitlick and loses puck.
10:31 of 2nd period - Wrist shot by Michael Bunting.
10:31 of 2nd period - Stopped by Linus Ullmark with a rebound.
10:41 of 2nd period - Snap shot by Mason Marchment.
10:41 of 2nd period - Stopped by Marc-Andre Fleury without a rebound.
10:42 of 2nd period - Nazem Kadri wins face-off versus Rem Pitlick in San Jose Sharks zone.
12:12 of 2nd period - Wrist shot by Nick Paul.
12:12 of 2nd period - Shot Misses the Net.
12:14 of 2nd period - Snap shot by Joel Edmundson.
12:14 of 2nd period - Stopped by Linus Ullmark without a rebound.
12:15 of 2nd period - Ryan Strome wins face-off versus Nazem Kadri in Anaheim Ducks zone.
12:30 of 2nd period - Wrist shot by Nazem Kadri.
12:30 of 2nd period - Deflect By William Nylander.
12:30 of 2nd period - Stopped by Marc-Andre Fleury with a rebound.
13:05 of 2nd period - Snap shot by Alex Killorn.
13:05 of 2nd period - Shot Hit the Post.
13:07 of 2nd period - Snap shot by Alex Killorn.
13:07 of 2nd period - Stopped by Marc-Andre Fleury with a rebound.
13:09 of 2nd period - Snap shot by Chandler Stephenson.
13:09 of 2nd period - Stopped by Marc-Andre Fleury with a rebound.
13:11 of 2nd period - Wrist shot by Alex Killorn.
13:11 of 2nd period - Shot Misses the Net.
13:13 of 2nd period - Wrist shot by Chandler Stephenson.
13:13 of 2nd period - Shot Blocked by Anthony DeAngelo.
13:51 of 2nd period - Slapshot by Ryan Strome.
13:51 of 2nd period - Shot Blocked by Josh Morrissey.
13:53 of 2nd period - Slapshot by Joel Edmundson.
13:53 of 2nd period - Shot Blocked by Ivan Provorov.
14:05 of 2nd period - Slapshot by John Tavares.
14:05 of 2nd period - Stopped by Marc-Andre Fleury without a rebound.
14:06 of 2nd period - John Tavares wins face-off versus Mike Hoffman in San Jose Sharks zone.
14:12 of 2nd period - Minor Penalty to Mike Hoffman for Hooking.
14:13 of 2nd period - Ryan Strome wins face-off versus Nazem Kadri in San Jose Sharks zone.
14:13 of 2nd period - Ryan Strome is hit by Mark Scheifele.
14:19 of 2nd period - Icing by Ivan Provorov.
14:20 of 2nd period - Ryan Hartman wins face-off versus Nazem Kadri in Anaheim Ducks zone.
14:26 of 2nd period - Minor Penalty to Ivan Provorov for Roughing.
14:27 of 2nd period - William Nylander wins face-off versus Ryan Hartman in Anaheim Ducks zone.
15:20 of 2nd period - Icing by Esa Lindell.
15:21 of 2nd period - John Tavares wins face-off versus Ryan Strome in Anaheim Ducks zone.
15:26 of 2nd period - Oliver Bjorkstrand is hit by John Tavares and loses puck.
15:47 of 2nd period - Jakob Chychrun is hit by William Karlsson and loses puck.
16:12 of 2nd period - Penalty to Mike Hoffman is over, Mike Hoffman is back on ice.
16:26 of 2nd period - Penalty to Ivan Provorov is over, Ivan Provorov is back on ice.
16:28 of 2nd period - Chandler Stephenson is hit by Joel Edmundson and loses puck.
16:49 of 2nd period - Anthony DeAngelo is hit by Josh Morrissey and loses puck.
16:53 of 2nd period - Icing by Anthony DeAngelo.
16:54 of 2nd period - John Tavares wins face-off versus Mike Hoffman in San Jose Sharks zone.
17:29 of 2nd period - Oliver Bjorkstrand is hit by Josh Manson and loses puck.
18:22 of 2nd period - Snap shot by Ryan Hartman.
18:22 of 2nd period - Deflect By William Karlsson.
18:22 of 2nd period - Shot Blocked by Brayden Schenn.
18:22 of 2nd period - Puck is out of play.
18:23 of 2nd period - John Tavares wins face-off versus Ryan Hartman in Anaheim Ducks zone.
18:30 of 2nd period - Slapshot by Josh Morrissey.
18:30 of 2nd period - Stopped by Marc-Andre Fleury without a rebound.
18:31 of 2nd period - William Nylander wins face-off versus Ryan Strome in San Jose Sharks zone.
18:36 of 2nd period - Snap shot by William Nylander.
18:36 of 2nd period - Stopped by Marc-Andre Fleury with a rebound.
18:38 of 2nd period - Wrist shot by Mark Scheifele.
18:38 of 2nd period - Shot Misses the Net.
18:40 of 2nd period - Snap shot by Mark Scheifele.
18:40 of 2nd period - Shot Blocked by David Savard.
18:42 of 2nd period - Slapshot by Nazem Kadri.
18:42 of 2nd period - Stopped by Marc-Andre Fleury with a rebound.
19:22 of 2nd period - Snap shot by William Karlsson.
19:22 of 2nd period - Shot Blocked by Radek Faksa.
19:24 of 2nd period - Slapshot by David Savard.
19:24 of 2nd period - Stopped by Linus Ullmark without a rebound.
19:25 of 2nd period - Ryan Hartman wins face-off versus Radek Faksa in Anaheim Ducks zone.
19:34 of 2nd period - Snap shot by Mason Marchment.
19:34 of 2nd period - Shot Misses the Net.
19:36 of 2nd period - Backhand shot by Calle Jarnkrok.
19:36 of 2nd period - Shot Misses the Net.
19:40 of 2nd period - Wrist shot by Calle Jarnkrok.
19:40 of 2nd period - Shot Misses the Net.
19:46 of 2nd period - Minor Penalty to Anthony DeAngelo for Hooking.
19:47 of 2nd period - Nazem Kadri wins face-off versus Ryan Strome in San Jose Sharks zone.
19:52 of 2nd period - Snap shot by William Nylander.
19:52 of 2nd period - Stopped by Marc-Andre Fleury with a rebound.
19:59 of 2nd period - Icing by William Nylander.
Goals for this period are 0 for San Jose Sharks vs 1 for Anaheim Ducks.
Shots for this period are 10 for San Jose Sharks vs 13 for Anaheim Ducks.
3rd period
0:01 of 3rd period - Ryan Strome wins face-off versus Nazem Kadri in neutral zone.
0:32 of 3rd period - Snap shot by Teuvo Teravainen.
0:32 of 3rd period - Deflect By John Tavares.
0:32 of 3rd period - Stopped by Marc-Andre Fleury with a rebound.
0:34 of 3rd period - Slapshot by Jakob Chychrun.
0:34 of 3rd period - Stopped by Marc-Andre Fleury with a rebound.
0:36 of 3rd period - Snap shot by Jakob Chychrun.
0:36 of 3rd period - Stopped by Marc-Andre Fleury without a rebound.
0:37 of 3rd period - Nazem Kadri wins face-off versus Ryan Hartman in San Jose Sharks zone.
0:40 of 3rd period - Wrist shot by Mark Scheifele.
0:40 of 3rd period - Shot Misses the Net.
0:42 of 3rd period - Wrist shot by Nazem Kadri.
0:42 of 3rd period - Shot Misses the Net.
0:44 of 3rd period - Snap shot by William Nylander.
0:44 of 3rd period - Stopped by Marc-Andre Fleury with a rebound.
1:00 of 3rd period - William Karlsson is hit by Ivan Provorov and loses puck.
1:11 of 3rd period - Wrist shot by Nazem Kadri.
1:11 of 3rd period - Stopped by Marc-Andre Fleury with a rebound.
1:46 of 3rd period - Penalty to Anthony DeAngelo is over, Anthony DeAngelo is back on ice.
2:58 of 3rd period - Snap shot by Nazem Kadri.
2:58 of 3rd period - Shot Misses the Net.
3:00 of 3rd period - Wrist shot by Nazem Kadri.
3:00 of 3rd period - Stopped by Marc-Andre Fleury without a rebound.
3:01 of 3rd period - John Tavares wins face-off versus Ryan Strome in San Jose Sharks zone.
3:33 of 3rd period - Snap shot by J.T. Compher.
3:33 of 3rd period - Shot Misses the Net.
3:47 of 3rd period - Radek Faksa is hit by David Savard and loses puck.
4:16 of 3rd period - Wrist shot by Brayden Schenn.
4:16 of 3rd period - Shot Blocked by Henri Jokiharju.
4:18 of 3rd period - Slapshot by Josh Manson.
4:18 of 3rd period - Stopped by Marc-Andre Fleury without a rebound.
4:19 of 3rd period - John Tavares wins face-off versus Mike Hoffman in San Jose Sharks zone.
4:24 of 3rd period - Slapshot by Brayden Schenn.
4:24 of 3rd period - Deflect By Tanner Pearson.
4:24 of 3rd period - Stopped by Marc-Andre Fleury without a rebound.
4:25 of 3rd period - John Tavares wins face-off versus Mike Hoffman in San Jose Sharks zone.
4:37 of 3rd period - Minor Penalty to Jakob Chychrun for Tripping.
4:38 of 3rd period - Chandler Stephenson wins face-off versus Ryan Strome in Anaheim Ducks zone.
4:38 of 3rd period - Chandler Stephenson is hit by Ryan Strome.
4:51 of 3rd period - Snap shot by David Savard.
4:51 of 3rd period - Deflect By Ryan Strome.
4:51 of 3rd period - Goal by Ryan Strome - San Jose Sharks : 1 - Anaheim Ducks : 4.
4:52 of 3rd period - Nazem Kadri wins face-off versus Ryan Strome in neutral zone.
5:36 of 3rd period - Wrist shot by Chandler Stephenson.
5:36 of 3rd period - Stopped by Marc-Andre Fleury with a rebound.
5:42 of 3rd period - Josh Morrissey is hit by Ryan Hartman and loses puck.
6:02 of 3rd period - Wrist shot by Tanner Pearson.
6:02 of 3rd period - Shot Blocked by Jakob Chychrun.
6:06 of 3rd period - Backhand shot by Sonny Milano.
6:06 of 3rd period - Shot Misses the Net.
6:08 of 3rd period - Slapshot by Henri Jokiharju.
6:08 of 3rd period - Deflect By Mike Hoffman.
6:08 of 3rd period - Shot Misses the Net.
6:08 of 3rd period - Puck is out of play.
6:09 of 3rd period - Nazem Kadri wins face-off versus Ryan Strome in Anaheim Ducks zone.
6:55 of 3rd period - Off-side.
6:56 of 3rd period - Chandler Stephenson wins face-off versus Ryan Hartman in neutral zone.
7:31 of 3rd period - Slapshot by Jakob Silfverberg.
7:31 of 3rd period - Shot Misses the Net.
7:33 of 3rd period - Slapshot by Derek Forbort.
7:33 of 3rd period - Shot Misses the Net.
7:55 of 3rd period - Snap shot by Teuvo Teravainen.
7:55 of 3rd period - Stopped by Marc-Andre Fleury without a rebound.
7:56 of 3rd period - Chandler Stephenson wins face-off versus Ryan Strome in San Jose Sharks zone.
8:05 of 3rd period - Snap shot by Alex Killorn.
8:05 of 3rd period - Stopped by Marc-Andre Fleury without a rebound.
8:06 of 3rd period - Ryan Strome wins face-off versus Chandler Stephenson in San Jose Sharks zone.
8:24 of 3rd period - Snap shot by Chandler Stephenson.
8:24 of 3rd period - Stopped by Marc-Andre Fleury with a rebound.
8:26 of 3rd period - Minor Penalty to Ryan Strome for Hooking.
8:27 of 3rd period - Jesper Fast wins face-off versus Nazem Kadri in San Jose Sharks zone.
8:27 of 3rd period - Jesper Fast is hit by Nazem Kadri.
10:04 of 3rd period - Jakob Chychrun is hit by William Karlsson and loses puck.
10:26 of 3rd period - Penalty to Ryan Strome is over, Ryan Strome is back on ice.
10:39 of 3rd period - Wrist shot by Jesper Fast.
10:39 of 3rd period - Stopped by Linus Ullmark without a rebound.
10:40 of 3rd period - Chandler Stephenson wins face-off versus Mike Hoffman in Anaheim Ducks zone.
11:05 of 3rd period - Josh Manson is hit by Jacob Middleton and loses puck.
11:26 of 3rd period - Anthony DeAngelo is hit by John Tavares and loses puck.
11:49 of 3rd period - Wrist shot by Ryan Strome.
11:49 of 3rd period - Shot Misses the Net.
12:49 of 3rd period - Slapshot by Joel Edmundson.
12:49 of 3rd period - Stopped by Linus Ullmark without a rebound.
12:50 of 3rd period - Radek Faksa wins face-off versus Ryan Hartman in Anaheim Ducks zone.
13:03 of 3rd period - William Karlsson is hit by Radek Faksa and loses puck.
13:12 of 3rd period - Snap shot by Mason Marchment.
13:12 of 3rd period - Stopped by Marc-Andre Fleury with a rebound.
13:28 of 3rd period - Wrist shot by Calle Jarnkrok.
13:28 of 3rd period - Shot Misses the Net.
13:38 of 3rd period - Wrist shot by Ryan Hartman.
13:38 of 3rd period - Stopped by Linus Ullmark with a rebound.
14:06 of 3rd period - Snap shot by Calle Jarnkrok.
14:06 of 3rd period - Shot Misses the Net.
14:14 of 3rd period - Slapshot by Calle Jarnkrok.
14:14 of 3rd period - Stopped by Marc-Andre Fleury with a rebound.
14:40 of 3rd period - Ryan Hartman is hit by Brenden Dillon and loses puck.
14:58 of 3rd period - Icing by William Karlsson.
14:59 of 3rd period - William Nylander wins face-off versus Ryan Hartman in San Jose Sharks zone.
15:00 of 3rd period - Slapshot by Nazem Kadri.
15:00 of 3rd period - Stopped by Marc-Andre Fleury with a rebound.
15:02 of 3rd period - Slapshot by Ivan Provorov.
15:02 of 3rd period - Shot Misses the Net.
15:20 of 3rd period - Snap shot by Ryan Hartman.
15:20 of 3rd period - Goal by Ryan Hartman - San Jose Sharks : 2 - Anaheim Ducks : 4.
15:21 of 3rd period - Jesper Fast wins face-off versus Chandler Stephenson in neutral zone.
15:53 of 3rd period - Slapshot by Anthony DeAngelo.
15:53 of 3rd period - Stopped by Linus Ullmark with a rebound.
15:55 of 3rd period - Snap shot by Sonny Milano.
15:55 of 3rd period - Stopped by Linus Ullmark with a rebound.
16:12 of 3rd period - Off-side.
16:13 of 3rd period - Jesper Fast wins face-off versus Chandler Stephenson in neutral zone.
17:15 of 3rd period - Brenden Dillon is hit by Ryan Strome and loses puck.
17:32 of 3rd period - Ivan Provorov is hit by Anthony DeAngelo and loses puck.
18:52 of 3rd period - Minor Penalty to Jakob Silfverberg for Tripping.
18:53 of 3rd period - Nazem Kadri wins face-off versus Ryan Hartman in San Jose Sharks zone.
Goals for this period are 2 for San Jose Sharks vs 0 for Anaheim Ducks.
Shots for this period are 7 for San Jose Sharks vs 15 for Anaheim Ducks.
Back to the Top